 Dungeon Crawl Stone Soup version 0.19.0-19-g8c6edcc (webtiles) character file.

944 Jannitor the Cutter (level 8, -19/50 HPs)
             Began as a Kobold Skald on Nov 14, 2016.
             Demolished by Crazy Yiuf
             ... wielding a +3 quarterstaff of chaos
              (20 damage)
             ... while paralysed by Crazy Yiuf
             ... on level 5 of the Dungeon.
             The game lasted 00:10:49 (6719 turns).

Jannitor the Cutter (Kobold Skald)                  Turns: 6719, Time: 00:10:50

Health: -19/50     AC:  3    Str:  9    XL:     8   Next: 35%
Magic:  4/11       EV:  3    Int: 13    God:
Gold:   256        SH:  0    Dex: 15    Spells: 2 memorised, 8 levels left

rFire  . . .     SeeInvis .     a - +0 short sword
rCold  . . .     Gourm    .     b - +0 leather armour
rNeg   . . .     Faith    .     (shield restricted)
rPois  .         Spirit   .     (no helmet)
rElec  .         Reflect  .     (no cloak)
rCorr  .         Harm     .     h - +0 pair of gloves
MR     .....                    s - +0 pair of boots
Stlth  +.........               (no amulet)
                                (no ring)
                                (no ring)

@: paralysed, infused (expiring), slowed
A: large bone plates 1, blurry vision 1, carnivore 3, deformed body, dopey 1,
subdued magic 1
a: no special abilities


You were on level 5 of the Dungeon.
You were very full.

You visited 1 branch of the dungeon, and saw 5 of its levels.

You collected 256 gold pieces.

Inventory:

Hand Weapons
 a - a +0 short sword (weapon)
Armour
 b - a +0 leather armour (worn)
 h - a +0 pair of gloves (worn)
 s - a +0 pair of boots (worn)
 w - the +4 ring mail of Qaifi {Str+2}
   (You found it on level 4 of the Dungeon)

   It affects your strength (+2).
Jewellery
 l - a cursed ring of teleportation {unknown}
Wands
 r - a wand of heal wounds (7/9)
 u - a wand of confusion (23/48)
Scrolls
 e - 2 scrolls of teleportation {unknown}
 f - 7 scrolls of identify
 i - 3 scrolls of enchant armour {unknown}
 m - a scroll of fear {unknown}
 q - 2 scrolls of fog {unknown}
 t - a scroll of random uselessness {unknown}
 x - a scroll of blinking {unknown}
 y - a scroll of immolation {unknown}
 z - a scroll of amnesia {unknown}
 C - a scroll of enchant weapon {unknown}
Potions
 g - a potion of heal wounds {unknown}
 k - a potion of berserk rage
 n - a potion of flight
 o - a potion of haste {unknown}
 v - a potion of degeneration {unknown}
 B - a potion of resistance {unknown}
Books
 c - a book of Battle

   Spells                             Type                      Level
   a - Infusion                       Charms                       1
   b - Shroud of Golubria             Charms/Translocation         2
   c - Song of Slaying                Charms                       2
   d - Spectral Weapon                Hexes/Charms                 3
   e - Regeneration                   Charms/Necromancy            3
 p - a book of Misfortune

   Spells                             Type                      Level
   a - Confusing Touch                Hexes                        1
   b - Confuse                        Hexes                        3
   c - Gell's Gravitas                Hexes/Translocation          3
   d - Petrify                        Transmutation/Earth          4
   e - Metabolic Englaciation         Hexes/Ice                    5
   f - Yara's Violent Unravelling     Hexes/Transmutation          5
Comestibles
 d - 3 meat rations
 j - 2 beef jerkies


   Skills:
 + Level 5.5 Fighting
 + Level 6.2 Short Blades
 - Level 0.7 Armour
 + Level 5.1 Dodging
 - Level 2.1 Spellcasting
 + Level 4.5 Charms


You had 8 spell levels left.
You knew the following spells:

 Your Spells              Type           Power        Failure   Level  Hunger
a - Infusion              Chrm           ##..         4%          1    ##.....
b - Shroud of Golubria    Chrm/Tloc      #.........   21%         2    ###....


Dungeon Overview and Level Annotations

Branches:
Dungeon (5/15)
 Temple: D:4-7

Altars:

Annotations:
D:5 exclusion: centaur, Crazy Yiuf


Innate Abilities, Weirdness & Mutations

You are small and have problems with some larger weapons.
You are carnivorous and can eat meat at any time.
You are partially covered in large bone plates. (SH +4)
Scrolls take you a little longer to read.
Armour fits poorly on your strangely shaped body.
You are dopey. (Int -2)
Your spells are a little easier to cast, but a little less powerful.


Message History

Crazy Yiuf is almost dead.
Crazy Yiuf hits you with a quarterstaff of chaos!
Your shroud falls apart!
You suddenly lose the ability to move!
Crazy Yiuf says, "Crazy?
Crazy!?
PORCUPINE!"
Crazy Yiuf hits you with a quarterstaff of chaos.
Crazy Yiuf hits you with a quarterstaff of chaos!
Your magical infusion is running out.
Crazy Yiuf hits you with a quarterstaff of chaos!
You feel yourself slow down.
Crazy Yiuf says, "Crazy?
Crazy!?
PORCUPINE!"
Crazy Yiuf hits you with a quarterstaff of chaos.
* * * LOW HITPOINT WARNING * * *
Crazy Yiuf hits you with a quarterstaff of chaos.
* * * LOW HITPOINT WARNING * * *
Crazy Yiuf laughs, "Rifle!"
Crazy Yiuf hits you with a quarterstaff of chaos!
* * * LOW HITPOINT WARNING * * *
You are electrocuted!
You die...

...#.##.##.# #.#
...#.##.##.# #.####
........##.# #.....
######.###.# ##### #.####
#.###.# #)..# #.#
######.##..# #...# #.#
.....#.##.## ... #.#
####.#.##.# #g# #.# #.#.##.#
♣@♣♣ #.# #.#)##.# ♣♣.♣
#)#### #.#.##.# ♣.♣♣ #.....
#.#.##.# ♣♣.♣ ######
####.#.##.# ♣♣.♣♣
########.... >....#.##.#
♣♣PP.♣ #........###
..####.##.# ♣PP♣.♣
#.###.#### ..####.##.##
#....# #.###.#
...........#####..####...#.#


You could see Crazy Yiuf.

Vanquished Creatures
  3 sky beasts (D:5)
  2 ogres
  2 scorpions (D:4)
  A centaur zombie (D:5)
  An orc wizard (D:3)
  A bullfrog skeleton (D:5)
  Jessica (D:3)
  An iguana (D:5)
  3 worker ants
  A mummy (D:4)
  A worker ant zombie (D:4)
  A howler monkey skeleton (D:4)
  5 adders
  2 oozes
  3 worms
  A dart slug (D:2)
  5 leopard geckos
  10 orcs
  3 giant cockroaches
  6 goblins
  11 hobgoblins
  3 jackals (D:5)
  3 quokkas
  2 ball pythons
  5 bats
  7 frilled lizards
  A hobgoblin zombie (D:4)
  6 kobolds
  A leopard gecko zombie (D:4)
  3 orc zombies (D:4)
  14 rats
109 creatures vanquished.

Vanquished Creatures (others)
  A fungus (D:5)
1 creature vanquished.

Grand Total: 110 creatures vanquished

Notes
Turn   | Place    | Note
-------+----------+-------------------------------------------
     0 | D:1      | Jannitor the Kobold Skald began the quest for the Orb.
     0 | D:1      | Reached XP level 1. HP: 12/12 MP: 3/3
   364 | D:1      | Reached XP level 2. HP: 18/18 MP: 0/5
   499 | D:1      | Reached skill level 3 in Short Blades
   773 | D:1      | Reached XP level 3. HP: 12/22 MP: 0/6
  1724 | D:2      | Reached XP level 4. HP: 21/27 MP: 1/7
  2227 | D:3      | Noticed Jessica
  2241 | D:3      | Killed Jessica
  2241 | D:3      | Reached XP level 5. HP: 22/32 MP: 4/8
  2502 | D:3      | Reached skill level 4 in Short Blades
  2859 | D:4      | Reached XP level 6. HP: 33/38 MP: 4/9
  3071 | D:4      | Gained mutation: You are dopey. (Int -2) [potion of mutation]
  3071 | D:4      | Gained mutation: You are partially covered in large bone plates. (SH +4) [potion of mutation]
  3071 | D:4      | Gained mutation: Your spells are a little easier to cast, but a little less powerful. [potion of mutation]
  3079 | D:4      | Gained mutation: Armour fits poorly on your strangely shaped body. [potion of mutation]
  3079 | D:4      | Gained mutation: Scrolls take you a little longer to read. [potion of mutation]
  3364 | D:4      | Learned a level 2 spell: Shroud of Golubria
  3822 | D:4      | Noticed an ogre
  3830 | D:4      | Killed an ogre
  3830 | D:4      | Reached XP level 7. HP: 33/43 MP: 0/10
  3922 | D:4      | Reached skill level 5 in Short Blades
  3960 | D:4      | Got an ichor-stained ring mail
  3963 | D:4      | Identified the +4 ring mail of Qaifi {Str+2} (You found it on level 4 of the Dungeon)
  5087 | D:5      | Entered Level 5 of the Dungeon
  5703 | D:5      | Reached skill level 5 in Fighting
  5723 | D:5      | Reached XP level 8. HP: 11/49 MP: 7/11
  5733 | D:5      | Reached skill level 6 in Short Blades
  6035 | D:5      | Found a runed door.
  6096 | D:5      | Reached skill level 5 in Dodging
  6697 | D:5      | Noticed Crazy Yiuf
  6712 | D:5      | Paralysed by Crazy Yiuf for 7 turns
  6719 | D:5      | HP: 1/50 [Crazy Yiuf/quarterstaff of chaos (8)]
  6719 | D:5      | Demolished by Crazy Yiuf

Skill      XL: |  1  2  3  4  5  6  7  8 |
---------------+-------------------------+-----
Short Blades   | 3 4 5 6 |  6.2
Dodging        | 2 3 4 5 |  5.1
Charms         | 3 4 |  4.5
Fighting       | 3 4 5 |  5.5
Armour         | |  0.7
Spellcasting   | |  2.1

Action                   |  1- 3 |  4- 6 |  7- 9 || total
-------------------------+-------+-------+-------++-------
Melee: Short sword       |   128 |   159 |   258 ||   545
 Cast: Infusion          |    15 |    11 |    15 ||    41
       Shroud of Golubri |       |     2 |     6 ||     8
  Use: Scroll            |       |     1 |     1 ||     2
       Potion            |       |     5 |     1 ||     6
 Stab: Sleeping          |     2 |     1 |       ||     3
  Eat: Chunk             |     6 |    12 |    10 ||    28
Armor: Leather armour    |    34 |    21 |    24 ||    79
Dodge: Dodged            |    85 |    88 |   117 ||   290
Block: Other             |       |     2 |    24 ||    26
